 Dungeon Crawl Stone Soup version 0.27-a0-1595-g0b823d0a13 (webtiles) character file.

Game seed: 16822110671005382535

421 Spaninq the Magician (level 7, -1/45 HPs)
             Began as a Djinni Fire Elementalist on July 20, 2021.
             Slain by a scorpion (8 damage)
             ... on level 3 of the Dungeon.
             The game lasted 00:08:46 (3931 turns).

Spaninq the Magician (Djinni Fire Elementalist)     Turns: 3931, Time: 00:08:48

Health: -1/45      AC:  2    Str:  7    XL:     7   Next: 16%
Gold:   148        EV: 12    Int: 18    God:
                   SH:  5    Dex: 14

rFire    + + .     SeeInvis .   (no weapon)
rCold    x . .     Faith    .   (no shield)
rNeg     + . .     Spirit   .   a - +0 robe
rPois    ∞         Reflect  +   (no helmet)
rElec    .         Harm     .   (no cloak)
rCorr    .         Rampage  .   (no gloves)
Will     .....                  (boots unavailable)
Stlth    ++........             b - amulet of reflection
HPRegen  0.15/turn              f - ring of positive energy
MPRegen  0.00/turn              (no ring)

@: flying
A: sickness immunity, fire resistance 2, cold vulnerability 1, float, innate
caster, hp casting, extra vitality 1
a: no special abilities


You were on level 3 of the Dungeon.
You visited 1 branch of the dungeon, and saw 4 of its levels.

You collected 148 gold pieces.

Inventory:

Armour
 a - a +0 robe (worn)
Jewellery
 b - an amulet of reflection (around neck)
 f - a ring of positive energy (left hand)
Wands
 d - a wand of charming (2)
Scrolls
 m - a scroll of blinking {unknown}
Potions
 g - a potion of haste
 h - 2 potions of ambrosia


   Skills:
 - Level 2.1 Dodging
 - Level 1.5 Stealth
 + Level 5.8 Spellcasting


You couldn't memorise any spells.
You knew the following spells:

 Your Spells              Type           Power      Damage    Failure   Level
a - Foxfire               Conj/Fire      100%       2x1d9     1%          1
b - Conjure Flame         Conj/Fire      26%        6-21      3%          3
c - Inner Flame           Hex/Fire       26%        N/A       3%          3
d - Sticky Flame          Conj/Fire      26%        2d5       11%         4
e - Fireball              Conj/Fire      13%        3d7       30%         5
f - Freeze                Ice            100%       1d11      1%          1
g - Corpse Rot            Necr/Air       N/A        N/A       1%          2
h - Call Imp              Summ           26%        N/A       1%          2
Your spell library was empty.

Dungeon Overview and Level Annotations

Branches:
Dungeon (4/15)
 Temple: D:4-7

Altars:

Shops:
D:3 ?


Innate Abilities, Weirdness & Mutations

You are immune to sickness and miasma.
You are immune to poison.
Your flesh is very heat resistant. (rF++)
You are vulnerable to cold. (rC-)
You float through the air rather than walking.
You learn spells naturally, not from books.
Your magical power is your life essence.
You have superior vitality. (+4 HP)


Message History

The scorpion misses you.
There is a stone staircase leading up here.
Aiming: Charm
Press: ? - help, Shift-Dir - straight line, f - scorpion
Aim: a scorpion (chance to affect: 46%)
The scorpion resists with some effort.
You block the scorpion's attack.
Aiming: Charm
Press: ? - help, Shift-Dir - straight line, f/p - scorpion
Aim: a scorpion (chance to affect: 46%)
The scorpion is charmed.
The bullfrog skeleton hits your scorpion.
Your scorpion stings the centaur skeleton.
The centaur skeleton is destroyed!
The bullfrog skeleton hits your scorpion!
Your scorpion stings the bullfrog skeleton.
The orc misses you.
You fly upwards.
There is a stone staircase leading down here.
You start resting.
The scorpion is no longer charmed.
The scorpion barely misses you. The scorpion stings you.
A scorpion is nearby!
Aiming: Charm
Press: ? - help, Shift-Dir - straight line, f - scorpion
Aim: a scorpion (moderately wounded, chance to affect: 46%)
The scorpion resists with some effort.
The scorpion barely misses you.
Aiming: Charm
Press: ? - help, Shift-Dir - straight line, f/p - scorpion
Aim: a scorpion (moderately wounded, chance to affect: 46%)
The scorpion resists with some effort.
You block the scorpion's attack.
Aiming: Charm
Press: ? - help, Shift-Dir - straight line, f/p - scorpion
Aim: a scorpion (moderately wounded, chance to affect: 46%)
The scorpion resists with some effort.
The scorpion stings you!
* * * LOW HITPOINT WARNING * * *
Aiming: Charm
Press: ? - help, Shift-Dir - straight line, f/p - scorpion
Aim: a scorpion (moderately wounded, chance to affect: 46%)
The scorpion resists with some effort.
The scorpion stings you!
You die...

......## #..## #.#..## ###
.......## #...###...## ##.
........###......†### #..
........).#..#.##.## #.#
.)......#).........# #.#
..........#..#..#..############.#
........#.......#.....#.........#
.......#######..s.###............
......## ##.@.###########..##
####### ##....# ##... ####.####
#### #######....#
######..........#
#......########## ########


You could see a scorpion.

Vanquished Creatures
  Grinder (D:3)
  An orc priest (D:3)
  Natasha (thrice) (D:3)
  3 gnolls (D:3)
  An adder (D:3)
  A worm (D:2)
  6 orcs (D:3)
  5 bats
  4 endoplasms
  4 giant cockroaches (D:1)
  8 hobgoblins
  6 jackals (D:1)
  A kobold (D:3)
  2 quokkas (D:2)
  9 ball pythons
  2 frilled lizards (D:1)
  3 goblins
  2 rats (D:1)
62 creatures vanquished.

Vanquished Creatures (collateral kills)
  A centaur skeleton (D:4)
1 creature vanquished.

Vanquished Creatures (others)
  280 foxfires
280 creatures vanquished.

Grand Total: 343 creatures vanquished

Notes
Turn   | Place    | Note
-------+----------+-------------------------------------------
     0 | D:1      | Spaninq the Djinni Fire Elementalist began the quest for
                  | the Orb.
     0 | D:1      | Reached XP level 1. HP: 15/15 MP: 0/0
   277 | D:1      | Reached XP level 2. HP: 20/21 MP: 0/0
   487 | D:1      | Reached skill level 3 in Spellcasting
   800 | D:1      | Reached XP level 3. HP: 17/25 MP: 0/0
   800 | D:1      | Learned a level 1 spell: Freeze
  1397 | D:1      | Found a faded altar of an unknown god.
  2430 | D:3      | Reached XP level 4. HP: 25/31 MP: 0/0
  2645 | D:3      | Noticed Grinder
  2660 | D:3      | Reached skill level 4 in Spellcasting
  2668 | D:3      | Paralysed by Grinder for 7 turns
  2676 | D:3      | Killed Grinder
  2677 | D:3      | Reached skill level 5 in Spellcasting
  2677 | D:3      | Reached XP level 5. HP: 10/35 MP: 0/0
  2677 | D:3      | Learned a level 2 spell: Corpse Rot
  2677 | D:3      | Reached XP level 6. HP: 11/40 MP: 0/0
  2943 | D:3      | Noticed Natasha
  2949 | D:3      | Killed Natasha
  2988 | D:3      | Found Xonantovvi's Magic Scroll Shop.
  3437 | D:3      | Noticed Natasha
  3442 | D:3      | Killed Natasha
  3443 | D:3      | Reached XP level 7. HP: 42/45 MP: 0/0
  3443 | D:3      | Learned a level 2 spell: Call Imp
  3740 | D:3      | Found Xonantovvi's Magic Scroll Shop.
  3750 | D:3      | Noticed Natasha
  3755 | D:3      | Killed Natasha
  3931 | D:3      | Slain by a scorpion

Illustrated notes

Levels and vault maps discovered:
D:1:      dpeg_arrival_round_a, layout_loops_ring,
          hellmonk_ecumenical_altar_blasted, amcnicky_mini_pool_small
D:2:      layout_rooms, kennysheep_crisscross
D:3:      layout_rooms, serial_shops, shop_coins, uniq_grinder, uniq_natasha
D:4:      layout_rooms, gup_sewer_entry_pipe, minmay_circle_x

Skill      XL: |  1  2  3  4 |
---------------+-------------+-----
Spellcasting   | 3 5 |  5.8
Dodging        | |  2.1
Stealth        | |  1.5

Action                   |  1- 3 |  4- 6 |  7- 9 || total
-------------------------+-------+-------+-------++-------
Melee: Unarmed           |     5 |     1 |       ||     6
 Cast: Foxfire           |   101 |    53 |    10 ||   164
Evoke: Wand              |       |       |     6 ||     6
  Use: Potion            |       |     1 |       ||     1
       Scroll            |       |       |     9 ||     9
Armor: Robe              |     2 |       |     8 ||    10
Dodge: Dodged            |     6 |     8 |    25 ||    39
Block: Other             |     2 |     1 |    13 ||    16

Table legend: (Time is in decaauts)
 A = Elapsed time spent in this place.
 B = Non-inter-level travel time spent in this place.
 C = Inter-level travel time spent in this place.
 D = Time resting spent in this place.
 E = Time spent auto-exploring this place.
 F = Levels seen in this place.
 G = Mean time per level.
                   A        B        C        D        E       F      G
               +--------+--------+--------+--------+--------+-----+--------+
         Total |   3930 |   3878 |     52 |    651 |   2731 |   4 |  982.5 |
       Dungeon |   3930 |   3878 |     52 |    651 |   2731 |   4 |  982.5 |
               +--------+--------+--------+--------+--------+-----+--------+

Top non-repeatable levels by time:
     D:1: 1684 daAuts
     D:3: 1415 daAuts
     D:2: 722 daAuts
     D:4: 107 daAuts
